 Dungeon Crawl Stone Soup version 0.30.1-3-gfc49f6343a (webtiles) character file.

Game seed: 6338144239509698455

14880 GeoRichter the Transmogrifier (level 11, -11/64 HPs)
             Began as a Deep Elf Fire Elementalist on Aug 1, 2023.
             Was a High Priest of Cheibriados.
             Mangled by a komodo dragon (27 damage)
             ... on level 1 of the Lair of Beasts.
             The game lasted 00:24:36 (14779 turns).

GeoRichter the Transmogrifier (DEFE)               Turns: 14779, Time: 00:24:37

Health: -11/64     AC:  9    Str: 20    XL:     11   Next: 94%
Magic:  5/25       EV: 21    Int: 36    God:    Cheibriados [*****.]
Gold:   649        SH:  6    Dex: 28    Spells: 20/27 levels left

rFire   . . .        x - +4 dagger (venom)
rCold   + . .        g - +0 buckler
rNeg    . . .        E - +3 leather armour {rC+}
rPois   .            N - +0 helmet
rElec   .            a - +0 cloak
rCorr   .            (no gloves)
SInv    .            n - +0 pair of boots
Will    +....        (no amulet)
Stlth   +++          I - +5 ring of evasion
HPRegen 0.30/turn    f - +4 ring of slaying
MPRegen 0.19/turn

%: no passive effects
@: very slow
A: no striking features
a: Renounce Religion, Bend Time, Temporal Distortion, Slouch, Step From Time


You were on level 1 of the Lair of Beasts.
You worshipped Cheibriados.
Cheibriados was extremely pleased with you.
You visited 2 branches of the dungeon, and saw 14 of its levels.

You collected 712 gold pieces.
You spent 63 gold pieces at shops.

Inventory:

Hand Weapons
 o - a +2 vampiric spear {!w}
   (You found it on level 2 of the Dungeon)
 x - a +4 dagger of venom (weapon)
   (You took it off Ijyb on level 5 of the Dungeon)
Armour
 a - a +0 cloak (worn)
   (You found it on level 11 of the Dungeon)
 g - a +0 buckler (worn)
   (You found it on level 2 of the Dungeon)
 n - a +0 pair of boots (worn)
   (You found it on level 2 of the Dungeon)
 y - a +1 ring mail of willpower
   (You took it off Ijyb on level 5 of the Dungeon)
 E - a +3 leather armour of cold resistance (worn)
   (You found it on level 6 of the Dungeon)
 N - a +0 helmet (worn)
   (You bought it in a shop on level 11 of the Dungeon)
Jewellery
 e - a ring of protection from cold
   (You found it on level 1 of the Dungeon)
 f - a +4 ring of slaying (right hand)
   (You found it on level 2 of the Dungeon)
 G - a +6 ring of dexterity
   (You found it on level 9 of the Dungeon)
 I - a +5 ring of evasion (left hand)
   (You found it on level 8 of the Dungeon)
 K - a ring of see invisible
   (You found it on level 9 of the Dungeon)
 P - a ring of ice
   (You found it on level 1 of the Lair of Beasts)
 Q - a +6 ring of intelligence
   (You found it on level 1 of the Lair of Beasts)
Wands
 i - a wand of charming (30)
   (You found it on level 2 of the Dungeon)
 v - a wand of acid (7)
   (You found it on level 4 of the Dungeon)
 w - a wand of iceblast (3)
   (You took it off Ijyb on level 5 of the Dungeon)
 D - a wand of digging (7)
   (You found it on level 6 of the Dungeon)
 J - a wand of polymorph (1)
   (You found it on level 9 of the Dungeon)
 M - a wand of flame (10)
   (You found it on level 11 of the Dungeon)
Scrolls
 h - 3 scrolls of poison {!r}
 l - 2 scrolls of blinking
 m - 5 scrolls of teleportation {@r4}
 p - 4 scrolls of torment {!r}
 q - 5 scrolls of silence
 t - a scroll of fog
 z - 2 scrolls of noise {unknown}
 A - a scroll of immolation {!r}
 L - 3 scrolls of identify {@r1}
 O - a scroll of amnesia {unknown}
Potions
 b - 3 potions of invisibility {unknown}
 c - a potion of lignification {unknown}
 d - 3 potions of mutation {unknown}
 j - 2 potions of flight
 k - 4 potions of curing {@q1}
 r - 4 potions of attraction {!q}
 s - 3 potions of heal wounds {@q2}
 u - 2 potions of resistance {unknown}
 B - 3 potions of degeneration {unknown}
 C - a potion of brilliance {unknown}
 F - 2 potions of might {unknown}
 H - 2 potions of cancellation {unknown}


   Skills:
 - Level 5.4 Fighting
 - Level 5.1 Dodging
 - Level 2.4 Stealth
 - Level 1.0 Shields
 - Level 8.7 Spellcasting
 - Level 7.4 Conjurations
 * Level 11.0 Transmutations
 - Level 7.1 Fire Magic
 + Level 7.0 Air Magic
 - Level 6.6 Invocations
 - Level 4.0 Evocations


You had 20 spell levels left.
You knew the following spells:

 Your Spells              Type           Power      Damage    Failure   Level
a - Foxfire               Conj/Fire      100%       2x1d9     1%          1
b - Scorch                Fire           100%       2d9       1%          2
c - Airstrike             Air            30%        2d(5-21)  2%          4

Your spell library contained the following spells:

 Spells                   Type           Power      Damage    Failure   Level
 Shock                    Conj/Air       100%       1d9       1%          1
 Swiftness                Air            61%        N/A       1%          3
 Flame Wave               Conj/Fire      62%        2d14      1%          4
 Inner Flame              Hex/Fire       41%        N/A       2%          3
 Volatile Blastmotes      Fire/Tloc      82%        2d16      2%          3
 Summon Small Mammal      Summ           60%        N/A       4%          1
 Blink                    Tloc           30%        N/A       6%          2
 Call Canine Familiar     Summ           15%        N/A       12%         3
 Gell's Gravitas          Tloc           15%        N/A       12%         3
 Summon Guardian Golem    Hex/Summ       15%        N/A       12%         3
 Teleport Other           Tloc           15%        N/A       12%         3
 Silence                  Hex/Air        20%        N/A       26%         5
 Manifold Assault         Tloc           15%        N/A       36%         4
 Passage of Golubria      Tloc           15%        N/A       36%         4
 Storm Form               Tmut/Air       34%        N/A       63%         7
 Dispersal                Tloc           7%         N/A       99%         6
 Lehudib's Crystal Spear  Conj/Erth      21%        10d6      100%        8


Dungeon Overview and Level Annotations

Branches:
Dungeon (13/15) Zot: 37624  Temple (0/1) D:7            Lair (1/5) D:9 Zot: 7572
    Orc (0/2) D:11
 Vaults: D:13-14

Altars:
Cheibriados
Elyvilon
Gozag
Sif Muna
Uskayaw
Xom
Yredelemnul
The Shining One

Shops:
D:4 *   D:11 [(

Portals:
Trove: D:10 (show abyssal rune of Zot)


Message History

Cheibriados thoroughly appreciates the change of pace.
The foxfire hits the blink frog.
The blink frog is lightly wounded.
Your Transmutations skill increases to level 11!
The foxfire hits the blink frog.
The blink frog is moderately wounded.
The foxfire hits the blink frog!
The blink frog is moderately wounded.
The foxfire hits the blink frog.
The blink frog is moderately wounded.
The blink frog blinks! x2
The blink frog blinks!
You conjure some foxfire!
The blink frog misses you.
You conjure some foxfire!
The foxfire hits the blink frog.
The blink frog is moderately wounded.
The foxfire hits the blink frog!
The blink frog is severely wounded.
The blink frog completely misses you.
Casting: Foxfire (safe; 1% risk of failure)
Confirm with . or Enter, or press ? or * to list all spells.
Aiming: Airstrike (dangerous; 2% risk of failure)
Press: ? - help, Dir - move target, f - komodo dragon
Aim: a komodo dragon (empty space bonus: 6/8)
The air twists around and strikes the komodo dragon!
The komodo dragon is moderately wounded.
The foxfire hits the blink frog.
The blink frog is severely wounded.
The foxfire hits the blink frog.
The blink frog is severely wounded.
The blink frog hits you!
The blink frog blinks!
The blink frog closely misses you.
Casting: Airstrike (dangerous; 2% risk of failure)
Confirm with . or Enter, or press ? or * to list all spells.
Aiming: Airstrike (dangerous; 2% risk of failure)
Press: ? - help, Dir - move target, f/p - komodo dragon
Aim: a komodo dragon (moderately wounded, empty space bonus: 7/8)
The air twists around and strikes the komodo dragon.
The komodo dragon is heavily wounded.
The blink frog blinks!
The komodo dragon bites you!!
* * * LOW HITPOINT WARNING * * *
Unknown command.
You hit the komodo dragon.
The komodo dragon is heavily wounded.
The komodo dragon barely misses you.
You closely miss the komodo dragon.
The komodo dragon is heavily wounded.
The blink frog hits you!
* * * LOW HITPOINT WARNING * * *
The komodo dragon bites you!!
You die...

......
.....####.
.........
$†.......
##..F.....
###.........
#..^........
##..l........
#....@.##....
#....F..# ...
#......## .
#>.....#
#....>.#
#......#
#......#
#......#
#......#


You could see a komodo dragon and 2 blink frogs.

Vanquished Creatures
  A boulder beetle (Lair:1)
  A two-headed ogre (D:10)
  4 elephants (D:9)
  A gargoyle (D:11)
  An unseen horror (D:11)
  2 cane toads (Lair:1)
  A black mamba (Lair:1)
  A kobold demonologist (D:12)
  2 komodo dragons
  3 hornets
  Grinder (D:6)
  7 blink frogs
  A vampire (D:11)
  A wraith (D:11)
  14 yaks
  A basilisk (D:11)
  Eustachio (D:5)
  A vampire mosquito (D:11)
  Menkaure (D:6)
  An acid dragon (D:11)
  A water moccasin (D:8)
  2 sky beasts
  7 orc warriors
  A black bear (D:7)
  An ogre (D:5)
  5 wolves (Lair:1)
  4 centaurs
  2 phantoms
  4 kobold brigands
  6 bullfrogs
  6 scorpions
  7 wights
  15 killer bees
  An electric eel (D:8)
  2 howler monkeys
  3 hounds
  2 gnoll boudas
  6 orc priests
  Jessica (D:2)
  4 iguanas
  2 sleepcaps (D:4)
  Natasha (thrice) (D:2)
  8 orc wizards
  Ijyb (D:5)
  3 gnolls (D:7)
  3 adders
  A shadow imp (D:6)
  An ufetubus (D:5)
  2 worms
  3 dart slugs
  32 orcs
  2 bats (D:1)
  8 endoplasms
  A giant cockroach (D:2)
  8 goblins
  9 hobgoblins
  3 jackals (D:4)
  17 kobolds
  3 quokkas
  6 ball pythons
  2 frilled lizards (D:1)
  2 rats
246 creatures vanquished.

Vanquished Creatures (collateral kills)
  3 foxfires (D:8)
3 creatures vanquished.

Vanquished Creatures (others)
  649 foxfires
649 creatures vanquished.

Grand Total: 898 creatures vanquished

Notes
Turn   | Place    | Note
-------+----------+-------------------------------------------
     0 | D:1      | GeoRichter the Deep Elf Fire Elementalist began the quest
                  | for the Orb.
     0 | D:1      | Reached XP level 1. HP: 10/10 MP: 6/6
   253 | D:1      | Reached XP level 2. HP: 13/15 MP: 5/8
  1207 | D:1      | Reached XP level 3. HP: 19/19 MP: 8/10
  1556 | D:2      | Noticed Jessica
  1579 | D:2      | Noticed Natasha
  1585 | D:2      | Killed Jessica
  1586 | D:2      | Reached XP level 4. HP: 24/24 MP: 6/12
  1592 | D:2      | Killed Natasha
  1593 | D:2      | Reached skill level 5 in Fire Magic
  1605 | D:2      | Noticed Natasha
  1952 | D:2      | Killed Natasha
  2181 | D:2      | Noticed Natasha
  2193 | D:2      | Killed Natasha
  2194 | D:2      | Reached XP level 5. HP: 26/28 MP: 9/14
  2516 | D:3      | Reached skill level 5 in Spellcasting
  2900 | D:3      | Learned a level 2 spell: Scorch
  2913 | D:3      | Found a snail-covered altar of Cheibriados.
  2916 | D:3      | Found a shimmering altar of Xom.
  2919 | D:3      | Found a glowing golden altar of the Shining One.
  3102 | D:3      | Became a worshipper of Cheibriados the Contemplative
  3216 | D:3      | Found a faded altar of an unknown god.
  3514 | D:4      | Noticed a phantom
  3530 | D:4      | Killed a phantom
  3531 | D:4      | Reached XP level 6. HP: 13/32 MP: 4/16
  3829 | D:4      | Reached * piety under Cheibriados
  4101 | D:4      | Found an opulent altar of Gozag.
  4104 | D:4      | Found Gozag's Platinum Reserve.
  4228 | D:4      | Noticed a +0 dagger
  4229 | D:4      | Noticed a +0 dagger
  4229 | D:4      | Noticed a +0 falchion
  4229 | D:4      | Noticed a +0 short sword
  4230 | D:4      | Noticed a +0 falchion
  4260 | D:4      | Noticed a +0 spear
  4271 | D:4      | Noticed a +0 spear
  4311 | D:4      | Noticed a +0 short sword
  4321 | D:4      | Found a hide-covered altar of Uskayaw.
  4617 | D:5      | Entered Level 5 of the Dungeon
  4865 | D:5      | Noticed Ijyb
  4873 | D:5      | Killed Ijyb
  4874 | D:5      | Reached XP level 7. HP: 37/37 MP: 11/18
  4929 | D:5      | Reached skill level 1 in Fighting
  5202 | D:5      | Noticed Eustachio
  5207 | D:5      | Killed Eustachio
  5422 | D:5      | Reached XP level 8. HP: 41/44 MP: 12/20
  5721 | D:5      | Found a basalt altar of Yredelemnul.
  5905 | D:6      | Noticed Menkaure
  5912 | D:6      | Killed Menkaure
  5913 | D:6      | Reached skill level 5 in Conjurations
  5965 | D:6      | Reached ** piety under Cheibriados
  6066 | D:6      | Noticed Grinder
  6074 | D:6      | Killed Grinder
  6486 | D:6      | Noticed a hornet
  6490 | D:6      | Killed a hornet
  6491 | D:6      | Reached XP level 9. HP: 52/52 MP: 16/23
  7073 | D:7      | Reached skill level 1 in Evocations
  7228 | D:7      | Reached *** piety under Cheibriados
  7229 | D:7      | Reached skill level 1 in Invocations
  7533 | D:7      | Found a staircase to the Ecumenical Temple.
  8834 | D:8      | Reached skill level 1 in Shields
  8898 | D:8      | Found a white marble altar of Elyvilon.
  9474 | D:9      | Reached skill level 5 in Fighting
  9474 | D:9      | Reached skill level 5 in Invocations
  9485 | D:9      | Reached XP level 10. HP: 17/59 MP: 3/24
  9748 | D:9      | Found a flagged portal.
  9850 | D:9      | Reached **** piety under Cheibriados
 10058 | D:9      | Reached skill level 5 in Dodging
 10147 | D:9      | Found a staircase to the Lair.
 10640 | Lair:1   | Entered Level 1 of the Lair of Beasts
 10646 | Lair:1   | Learned a level 4 spell: Airstrike
 10664 | Lair:1   | Noticed an elephant
 10664 | Lair:1   | Noticed an elephant
 10664 | Lair:1   | Noticed an elephant
 10668 | Lair:1   | Noticed an elephant
 10676 | D:9      | Reached skill level 1 in Transmutations
 10676 | D:9      | Reached skill level 1 in Air Magic
 10697 | D:10     | Entered Level 10 of the Dungeon
 10823 | D:10     | Reached skill level 2 in Transmutations
 10834 | D:10     | Reached skill level 3 in Transmutations
 10923 | D:10     | Reached skill level 4 in Transmutations
 10956 | D:10     | Noticed a cyan ugly thing
 10956 | D:10     | Noticed a centaur warrior
 10956 | D:10     | Noticed a tengu warrior
 10956 | D:10     | Noticed a boulder beetle
 10957 | D:10     | Noticed a boulder beetle
 10957 | D:10     | Noticed a manticore
 10970 | D:10     | Noticed a cane toad
 11208 | D:10     | Found a shimmering blue altar of Sif Muna.
 11210 | D:10     | Noticed a two-headed ogre
 11216 | D:10     | Killed a two-headed ogre
 11217 | D:10     | Reached skill level 5 in Transmutations
 11414 | D:10     | Found a portal to a secret trove of treasure.
 11515 | D:11     | You fall into a shaft and drop 2 floors!
 11520 | D:13     | Identified the +3 ring mail of Pandemonium {Rampage rC+}
 11569 | D:12     | Noticed a soul eater
 11572 | D:12     | Reached skill level 6 in Transmutations
 11696 | D:12     | Noticed a soul eater
 11804 | D:12     | Reached ***** piety under Cheibriados
 11812 | D:12     | Noticed a green ugly thing
 11826 | D:11     | Noticed a gargoyle
 11833 | D:11     | Killed a gargoyle
 11834 | D:11     | Reached XP level 11. HP: 53/64 MP: 4/25
 12096 | D:11     | Reached skill level 7 in Transmutations
 12188 | D:11     | Identified the +1 scale mail of Gozag's Scorn {Int+4}
 12473 | D:11     | Found Efariask's Weapon Emporium.
 12473 | D:11     | Found a staircase to the Orcish Mines.
 12475 | D:11     | Found Eschetom's Armour Emporium.
 12494 | D:11     | Bought a +0 helmet for 63 gold pieces
 13362 | D:9      | Reached skill level 8 in Transmutations
 13362 | D:9      | Reached skill level 5 in Air Magic
 13727 | Lair:1   | Reached skill level 9 in Transmutations
 14129 | Lair:1   | Noticed a boulder beetle
 14142 | Lair:1   | Killed a boulder beetle
 14143 | Lair:1   | Reached skill level 10 in Transmutations
 14539 | Lair:1   | Identified the +4 plate armour "Nasel Esass" {Rampage rN+
                  | Int-2 Dex+5}
 14772 | Lair:1   | Reached skill level 11 in Transmutations
 14779 | Lair:1   | Mangled by a komodo dragon

Illustrated notes

Levels and vault maps discovered:
D:1:      dpeg_arrival_tiny_c, layout_basic, serial_corexii_hall,
          corexii_hall_statues_t, chequers_hall_statues_wall_a,
          corexii_hall_statues_t, corexii_hall_statues_u,
          corexii_hall_statues_x, corexii_hall_statues_i
D:2:      layout_rooms, uniq_jessica, uniq_natasha
D:3:      layout_loops_ring, grunt_temple_overflow_open,
          dreamdust_ecumenical_altar_hidden_monk_grotto
D:4:      layout_basic, nicolae_gozag_zags_fifth_avenue,
          nicolae_uskayaw_en_pointe
D:5:      layout_cave_pods, overflow_temple_1_default, uniq_ijyb, uniq_eustachio
D:6:      layout_basic, uniq_menkaure, uniq_grinder
D:7:      layout_gridville, minmay_temple_entry_ruins, grunt_ministairs_11
D:8:      layout_cave_pods, nicolae_elyvilon_temple_path, nrook_loot_triangle
D:9:      layout_roguey, lair_entry_dummy, enter_bailey_5, minmay_door_square,
          st_stairs_12
D:10:     layout_roguey, lemuel_tele_altar, trove_entry_hex_spiral, minivault_12
D:11:     layout_basic, orc_david_3
D:12:     wander_river, layout_loops_ring
D:13:     layout_loops_ring, nrook_mini_backslash,
          chequers_serial_rivers_micro_b, uniq_josephine
Lair:1:   layout_hall_layers

Skill      XL: |  1  2  3  4  5  6  7  8  9 10 11 |
---------------+----------------------------------+-----
Fire Magic     | 4 5 6 7 |  7.1
Spellcasting   | 4 5 6 7 8 |  8.7
Conjurations   | 2 4 7 |  7.4
Fighting       | 2 3 5 |  5.4
Evocations     | 4 |  4.0
Invocations    | 5 6 |  6.6
Dodging        | 4 5 |  5.1
Shields        | 1 |  1.0
Transmutations | 6 11 | 11.0
Air Magic      | 4 7 |  7.0
Stealth        | |  2.4

Action                     |  1- 3 |  4- 6 |  7- 9 | 10-12 || total
---------------------------+-------+-------+-------+-------++-------
  Melee: Dagger            |     5 |       |    12 |    96 ||   113
         Spear             |       |    10 |       |       ||    10
   Cast: Foxfire           |   113 |   106 |   111 |    86 ||   416
         Scorch            |       |    29 |   102 |   159 ||   290
         Airstrike         |       |       |       |    26 ||    26
 Invoke: Slouch            |       |       |       |     1 ||     1
  Evoke: Wand              |       |       |     1 |    11 ||    12
    Use: Scroll            |       |     6 |     5 |     4 ||    15
         Potion            |       |       |     1 |     5 ||     6
 Armour: Robe              |       |     6 |       |       ||     6
         Ring mail         |       |       |    15 |    10 ||    25
         Leather armour    |       |       |       |    42 ||    42
  Dodge: Dodged            |     4 |    19 |    57 |   231 ||   311
  Block: Buckler           |       |     4 |    16 |    82 ||   102
